 Dungeon Crawl Stone Soup version 0.26.0-45-g9c1d065592 (webtiles) character file.

Game seed: 3755099932896164444

1716 Shayle the Skirmisher (level 9, -3/93 HPs)
             Began as an Ogre Hedge Wizard on Jan 30, 2021.
             Slain by a wraith (6 damage)
             ... on level 6 of the Dungeon.
             The game lasted 00:26:09 (8299 turns).

Shayle the Skirmisher (Ogre Hedge Wizard)           Turns: 8299, Time: 00:26:12

Health: -3/93      AC:  8    Str: 18    XL:     9   Next: 4%
Magic:  12/14      EV: 11    Int: 16    God:
Gold:   108        SH:  0    Dex:  8    Spells: 3/15 levels left

rFire    + . .     SeeInvis .   o - +2 trident (vamp)
rCold    + . .     Faith    .   (no shield)
rNeg     . . .     Spirit   .   b - +0 robe
rPois    +         Reflect  .   c - +0 hat
rElec    +         Harm     .   w - +0 cloak
rCorr    +         Rampage  .   (gloves unavailable)
Will     .....     Rnd*Tele +   (boots unavailable)
Stlth    +.........             (no amulet)
HPRegen  0.25/turn              d - +4 ring of protection
MPRegen  0.14/turn              A - ring of teleportation

@: resistant, very slightly contaminated, slowed, very slow
A: large, unfitting armour, tough skin 1
a: no special abilities


You were on level 6 of the Dungeon.
You visited 1 branch of the dungeon, and saw 6 of its levels.

You collected 326 gold pieces.
You spent 218 gold pieces at shops.

Inventory:

Hand Weapons
 a - a +0 dagger
 e - a +0 giant spiked club
 o - a +2 vampiric trident (weapon)
 r - a +5 trident
 y - a -3 scythe
Armour
 b - a +0 robe (worn)
 c - a +0 hat (worn)
 s - a +0 robe of willpower
 w - a +0 cloak (worn)
Jewellery
 d - a +4 ring of protection (left hand)
 A - a ring of teleportation (right hand)
 B - an uncursed ring of magical power {unknown}
 C - a cursed ring of wizardry {unknown}
Wands
 h - a wand of flame (4)
 v - a wand of enslavement (4)
 x - a wand of disintegration (16)
Scrolls
 f - 4 scrolls of identify
 g - a scroll of immolation
 j - 3 scrolls of amnesia
 k - 4 scrolls of magic mapping
 l - 2 scrolls of fear {unknown}
 p - a scroll of silence {unknown}
 q - a scroll of teleportation
 u - a scroll of random uselessness {unknown}
 z - a scroll of blinking {unknown}
Potions
 n - 4 potions of degeneration
 t - 2 potions of flight


   Skills:
 + Level 7.2 Fighting
 + Level 4.0 Maces & Flails
 + Level 5.3 Dodging
 - Level 1.4 Stealth
 - Level 3.6 Spellcasting
 - Level 0.8 Conjurations
 - Level 0.8 Summonings
 - Level 0.8 Translocations
 - Level 3.0 Air Magic
 + Level 3.2 Earth Magic
 - Level 3.0 Poison Magic


You had 3 spell levels left.
You knew the following spells:

 Your Spells              Type           Power        Failure   Level
a - Magic Dart            Conj           20%          12%         1
b - Blink                 Tloc           N/A          19%         2
c - Call Imp              Summ           5%           19%         2
d - Mephitic Cloud        Conj/Pois/Air  10%          21%         3
e - Petrify               Tmut/Erth      8%           65%         4

Your spell library contained the following spells:

 Spells                   Type           Power        Failure   Level
 Slow                     Hex            2%           26%         2
 Gell's Gravitas          Tloc           2%           36%         3
 Conjure Flame            Conj/Fire      4%           41%         3
 Confusing Touch          Hex            2%           47%         3
 Metabolic Englaciation   Hex/Ice        1%           99%         5
 Yara's Violent Unravell  Hex/Tmut       1%           99%         5


Dungeon Overview and Level Annotations

Branches:
Dungeon (6/15)
 Temple: D:4-7

Altars:
Cheibriados
Fedhas
Kikubaaqudgha
Makhleb
Sif Muna

Shops:
D:4 ?!


Innate Abilities, Weirdness & Mutations

You are too large for most types of armour.
You have tough skin. (AC +1)


Message History

Casting: Magic Dart (safe; 12% risk of failure)
Confirm with . or Enter, or press ? or * to list all spells.
Aiming: Magic Dart (safe; 12% risk of failure)
Press: ? - help, Shift-Dir - straight line, f - wraith
Aim: a wraith (almost destroyed, 0% to evade)
You miscast Magic Dart.
You are very lightly contaminated with residual magic.
Nothing appears to happen.
The wraith hits you.
* * * LOW HITPOINT WARNING * * *
The wraith drains your vigour!
You feel as though you will be slow longer.
Casting: Magic Dart (safe; 12% risk of failure)
Confirm with . or Enter, or press ? or * to list all spells.
Aiming: Magic Dart (safe; 12% risk of failure)
Press: ? - help, Shift-Dir - straight line, f/p - wraith
Aim: a wraith (almost destroyed, 0% to evade)
The magic dart hits the wraith but does no damage.
The wraith is almost destroyed.
The wraith closely misses you. The wraith hits you.
You die...

##.####.#....#.###....#.
#.#....#.######.#. #
#................. #.
#.#....#.######.#.
###..##.#.:..#.##.......
....................#.#.
##.#..#)#...............
##.#W#..########.#... #
#@# .# ####+#[.. #...#
.# #.....#.# ##..# #
#.....#.# #..# #.....#.#
##.# ####'##.# #.#
#.##.# #.. #.##.# #..
#.# .. #.####


You could see a wraith.

Vanquished Creatures
  Sigmund (D:5)
  2 sky beasts (D:6)
  3 centaurs
  A bullfrog (D:6)
  A water moccasin zombie (D:6)
  3 scorpions (D:5)
  2 wights (D:4)
  A centaur zombie (D:5)
  2 orc priests
  2 hounds
  Ijyb (D:5)
  4 worker ants
  An orc wizard (D:5)
  4 adders
  A white imp (D:5)
  An ooze (D:5)
  An adder skeleton (D:5)
  6 leopard geckos
  11 orcs
  6 giant cockroaches
  8 goblins
  4 hobgoblins
  10 jackals
  A quokka (D:2)
  11 bats
  7 frilled lizards
  5 kobolds
  7 rats
107 creatures vanquished.

Vanquished Creatures (collateral kills)
  Edmund (D:5)
  4 ogres
  A scorpion (D:5)
  A wight (D:4)
  A hound (D:4)
  2 orc priests (D:4)
  A worker ant (D:4)
  An adder (D:4)
  4 orcs
  A quokka skeleton (D:4)
17 creatures vanquished.

Vanquished Creatures (others)
  3 plants (D:5)
3 creatures vanquished.

Grand Total: 127 creatures vanquished

Notes
Turn   | Place    | Note
-------+----------+-------------------------------------------
     0 | D:1      | Shayle the Ogre Hedge Wizard began the quest for the Orb.
     0 | D:1      | Reached XP level 1. HP: 16/16 MP: 5/5
   172 | D:1      | Reached skill level 1 in Fighting
   287 | D:1      | Reached XP level 2. HP: 27/27 MP: 1/6
   585 | D:1      | Reached skill level 2 in Fighting
   765 | D:1      | Reached XP level 3. HP: 35/35 MP: 8/8
  1094 | D:2      | Learned a level 2 spell: Blink
  1097 | D:2      | Learned a level 2 spell: Call Imp
  1101 | D:2      | Learned a level 3 spell: Mephitic Cloud
  1526 | D:2      | Reached XP level 4. HP: 35/44 MP: 2/9
  1706 | D:2      | Reached skill level 3 in Fighting
  2303 | D:3      | Reached skill level 1 in Air Magic
  2347 | D:3      | Reached skill level 1 in Poison Magic
  2439 | D:3      | Noticed an ogre
  2481 | D:4      | Noticed an ogre
  2543 | D:3      | Killed an ogre
  2544 | D:3      | Reached XP level 5. HP: 30/53 MP: 2/10
  2824 | D:3      | Killed an ogre
  3532 | D:4      | Reached XP level 6. HP: 29/62 MP: 2/11
  3821 | D:4      | Reached skill level 4 in Fighting
  3871 | D:4      | Found Zahaov's Magic Scroll Shoppe.
  3879 | D:4      | Bought a scroll of magic mapping for 35 gold pieces
  3879 | D:4      | Bought a scroll of amnesia for 35 gold pieces
  3879 | D:4      | Bought a scroll of remove curse for 30 gold pieces
  3879 | D:4      | Bought a scroll of teleportation for 30 gold pieces
  4202 | D:4      | Reached skill level 1 in Maces & Flails
  4439 | D:4      | Reached XP level 7. HP: 37/71 MP: 6/12
  4827 | D:4      | Found Ceubrat's Distillery.
  4834 | D:4      | Bought a potion of flight for 33 gold pieces
  4834 | D:4      | Bought a potion of degeneration for 11 gold pieces
  4834 | D:4      | Bought a potion of might for 44 gold pieces
  4855 | D:4      | Found an ancient bone altar of Kikubaaqudgha.
  5010 | D:5      | Entered Level 5 of the Dungeon
  5170 | D:5      | Noticed Ijyb
  5184 | D:5      | Killed Ijyb
  5192 | D:5      | Reached skill level 5 in Fighting
  5372 | D:5      | Learned a level 4 spell: Petrify
  5399 | D:5      | Noticed Edmund
  5420 | D:5      | Killed Edmund
  5656 | D:5      | Noticed Sigmund
  5696 | D:5      | Killed Sigmund
  5697 | D:5      | Reached skill level 1 in Earth Magic
  5697 | D:5      | Reached XP level 8. HP: 22/81 MP: 7/13
  6391 | D:5      | Reached skill level 6 in Fighting
  7217 | D:5      | Found a snail-covered altar of Cheibriados.
  7356 | D:5      | Found a burning altar of Makhleb.
  7356 | D:5      | Found a faded altar of an unknown god.
  7361 | D:5      | Found a blossoming altar of Fedhas.
  7363 | D:5      | Found a shimmering blue altar of Sif Muna.
  7364 | D:5      | Found a faded altar of an unknown god.
  7788 | D:6      | Reached skill level 5 in Dodging
  8018 | D:6      | Reached skill level 7 in Fighting
  8029 | D:6      | Reached XP level 9. HP: 32/93 MP: 14/14
  8297 | D:6      | HP: 4/93 [wraith (4)]
  8299 | D:6      | Slain by a wraith

Illustrated notes

Levels and vault maps discovered:
D:1:      dpeg_arrival_boxes_within_box, layout_loops_ring
D:2:      layout_loops_ring
D:3:      layout_basic
D:4:      layout_cave_pools, old_standard_altar, serial_shops,
          kennysheep_little_box, shop
D:5:      minmay_chambers_of_fours, layout_loops_cross,
          chequers_temple_overflow_minitemple, basic_altar,
          sigmund_edmund_badplayer, uniq_ijyb
D:6:      layout_basic, minmay_temple_entry_trees, minmay_manual_moon

Skill      XL: |  1  2  3  4  5  6  7  8 |
---------------+-------------------------+-----
Fighting       | 1 2 3 4 5 7 |  7.2
Dodging        | 2 3 4 5 |  5.3
Air Magic      | 1 2 3 |  3.0
Poison Magic   | 1 2 3 |  3.0
Maces & Flails | 1 2 4 |  4.0
Earth Magic    | 1 3 |  3.2
Stealth        | |  1.4
Spellcasting   | |  3.6
Conjurations   | |  0.8
Summonings     | |  0.8
Translocations | |  0.8

Action                   |  1- 3 |  4- 6 |  7- 9 || total
-------------------------+-------+-------+-------++-------
Melee: Dagger            |    69 |   138 |       ||   207
       Giant spiked club |       |   118 |       ||   118
       Trident           |       |    15 |   277 ||   292
 Cast: Magic Dart        |    58 |     8 |    11 ||    77
       Call Imp          |       |    20 |    14 ||    34
       Blink             |       |     4 |     1 ||     5
Evoke: Wand              |       |       |     4 ||     4
  Use: Scroll            |     4 |     1 |     3 ||     8
       Potion            |       |     4 |     8 ||    12
 Stab: Sleeping          |     1 |     2 |     1 ||     4
       Distracted        |       |       |     3 ||     3
Armor: Robe              |    45 |   150 |   125 ||   320
Dodge: Dodged            |    47 |   210 |   172 ||   429
